 Dungeon Crawl Stone Soup version 0.27-a0-1184-ge86db4a01e (webtiles) character file.

Game seed: 3695170614214091710

164 Shayle the Gusty (level 5, -1/39 HPs)
             Began as a Demonspawn Air Elementalist on May 18, 2021.
             Slain by Pikel
             ... wielding a +0 whip of electrocution
              (9 damage)
             ... on level 4 of the Dungeon.
             The game lasted 00:13:14 (4796 turns).

Shayle the Gusty (Demonspawn Air Elementalist)      Turns: 4796, Time: 00:13:15

Health: -1/39      AC:  4    Str:  9    XL:     5   Next: 21%
Magic:  0/9        EV: 12    Int: 17    God:
Gold:   119        SH:  0    Dex: 13    Spells: 3/10 levels left

rFire    . . .     SeeInvis .   d - +1 hand axe (vorpal)
rCold    . . .     Faith    .   (no shield)
rNeg     . . .     Spirit   .   a - +0 robe
rPois    .         Reflect  .   (no helmet)
rElec    .         Harm     .   (no cloak)
rCorr    .         Rampage  .   (no gloves)
Will     .....                  (no boots)
Stlth    ++........             (no amulet)
HPRegen  0.13/turn              (no ring)
MPRegen  0.11/turn              (no ring)

@: no status effects
A: icy blue scales 1, demonic guardian 1
a: no special abilities


You were on level 4 of the Dungeon.
You visited 1 branch of the dungeon, and saw 4 of its levels.

You collected 185 gold pieces.
You spent 66 gold pieces at shops.

Inventory:

Hand Weapons
 d - a +1 vorpal hand axe (weapon)
Missiles
 h - 3 boomerangs of dispersal
Armour
 a - a +0 robe (worn)
Scrolls
 e - 2 scrolls of summoning
 g - 6 scrolls of teleportation
 j - 2 scrolls of identify
 k - a scroll of amnesia {unknown}
Potions
 b - a potion of degeneration {unknown}
 c - a potion of heal wounds
 f - 2 potions of haste {unknown}
 i - 2 potions of magic {unknown}
 l - a potion of cancellation {unknown}
 m - a potion of lignification {unknown}


   Skills:
 + Level 2.5 Fighting
 - Level 1.7 Dodging
 - Level 1.7 Stealth
 + Level 3.2 Spellcasting
 - Level 1.0 Conjurations
 * Level 4.0 Air Magic


You had 3 spell levels left.
You knew the following spells:

 Your Spells              Type           Power      Damage    Failure   Level
a - Shock                 Conj/Air       44%        1d5       6%          1
b - Static Discharge      Conj/Air       11%        N/A       10%         2
c - Airstrike             Air            8%         N/A       32%         4

Your spell library contained the following spells:

 Spells                   Type           Power      Damage    Failure   Level
 Swiftness                Air            16%        N/A       10%         3
 Magic Dart               Conj           24%        1d4       12%         1
 Animate Skeleton         Necr           4%         N/A       17%         1
 Pain                     Necr           8%         1d4       17%         1
 Searing Ray              Conj           12%        3d3       17%         2
 Dazzling Flash           Conj/Hex       8%         N/A       38%         3
 Vampiric Draining        Necr           1%         2d6       45%         3
 Fulminant Prism          Conj/Hex       2%         3d6       80%         4
 Iskenderun's Mystic Bla  Conj/Tloc      4%         2d3       80%         4
 Animate Dead             Necr           1%         N/A       86%         4
 Lightning Bolt           Conj/Air       5%         1d17      86%         5
 Agony                    Necr           2%         N/A       99%         5


Dungeon Overview and Level Annotations

Branches:
Dungeon (4/15)
 Temple: D:4-7

Altars:
Fedhas

Shops:
D:1 *(*!?   D:2 ?   D:4 (

Annotations:
D:4 Pikel


Innate Abilities, Weirdness & Mutations

You are partially covered in icy blue scales. (AC +2)
A weak demonic guardian rushes to your aid.


Message History

Press: ? - help, Shift-Dir - straight line
Okay, then.
Your white imp closely misses Pikel.
Casting: Shock (safe; 6% risk of failure)
Confirm with . or Enter, or press ? or * to list all spells.
Aiming: Shock (safe; 6% risk of failure)
Press: ? - help, Shift-Dir - straight line, f - white imp
Aim: a white imp (summoned, friendly, 68% to hit)
Okay, then.
You hit Pikel.
Pikel is severely wounded.
You hit the lemure but do no damage. The lemure hits your white imp!
Your white imp gestures at Pikel.
The puff of frost hits Pikel.
Pikel resists.
Pikel barely misses your white imp. The lemure barely misses you.
The lemure hits your white imp.
Your white imp dies!
Pikel shouts!
Unknown command.
Casting: Shock (safe; 6% risk of failure)
Confirm with . or Enter, or press ? or * to list all spells.
Aiming: Shock (safe; 6% risk of failure)
Press: ? - help, Shift-Dir - straight line The zap misses Pikel.
The zap hits the lemure.
The lemure is lightly wounded.
The zap hits the lemure.
The lemure is moderately wounded.
The zap hits Pikel.
Pikel is almost dead.
The lemure hits you but does no damage. Pikel closely misses you.
Casting: Shock (safe; 6% risk of failure)
Confirm with . or Enter, or press ? or * to list all spells.
Aiming: Shock (safe; 6% risk of failure)
Press: ? - help, Shift-Dir - straight line The zap misses Pikel.
The zap hits the lemure.
The lemure is lightly wounded.
The zap misses the lemure.
The zap hits Pikel.
Pikel is almost dead.
Pikel hits you with a +0 whip of electrocution!
You die...

...#.#.................
. #.#.....######.#####
# #.....# .# ###.### #
###.### #.....# #..55.#
#..5K.# #(..@.# #.....#
#######


You could see Pikel and 3 lemures.

Vanquished Creatures
  A lemure (D:3)
  A hound (D:4)
  An iguana (D:3)
  A gnoll (D:1)
  3 adders
  A worm (D:2)
  2 dart slugs (D:1)
  4 orcs (D:3)
  5 bats
  5 endoplasms
  5 giant cockroaches
  3 goblins
  6 hobgoblins
  4 jackals (D:1)
  A kobold (D:2)
  3 quokkas
  9 ball pythons
  A frilled lizard (D:1)
  7 rats
63 creatures vanquished.

Vanquished Creatures (others)
  2 plants (D:2)
2 creatures vanquished.

Grand Total: 65 creatures vanquished

Notes
Turn   | Place    | Note
-------+----------+-------------------------------------------
     0 | D:1      | Shayle the Demonspawn Air Elementalist began the quest for
                  | the Orb.
     0 | D:1      | Reached XP level 1. HP: 13/13 MP: 3/3
     4 | D:1      | Found Fifocof's Distillery.
    12 | D:1      | Found Naloiw's Magic Scroll Boutique.
   211 | D:1      | Gained mutation: You are partially covered in icy blue
                  | scales. (AC +2) [demonic ancestry]
   211 | D:1      | Reached XP level 2. HP: 20/20 MP: 0/5
   370 | D:1      | Found Deubur's Assorted Antiques.
   390 | D:1      | Reached skill level 1 in Fighting
   390 | D:1      | Reached skill level 3 in Air Magic
   814 | D:1      | Reached XP level 3. HP: 26/26 MP: 1/6
  1361 | D:1      | Found Tixteine's General Store.
  1424 | D:1      | Found Juvuisiu's Weapon Boutique.
  1639 | D:1      | Learned a level 2 spell: Static Discharge
  1819 | D:2      | HP: 1/27 [worm (4)]
  2409 | D:2      | Reached XP level 4. HP: 33/33 MP: 6/8
  2667 | D:2      | Found Haheerye's Magic Scroll Shoppe.
  2670 | D:2      | Bought a scroll of noise for 11 gold pieces
  2670 | D:2      | Bought a scroll of teleportation for 33 gold pieces
  2670 | D:2      | Bought a scroll of identify for 22 gold pieces
  2679 | D:2      | Learned a level 4 spell: Airstrike
  3263 | D:2      | Found a faded altar of an unknown god.
  3560 | D:3      | Found a blossoming altar of Fedhas.
  4139 | D:4      | Found Jurph's Antique Weapon Shop.
  4145 | D:4      | Noticed a bullfrog
  4375 | D:4      | Noticed a lemure
  4377 | D:4      | Gained mutation: A weak demonic guardian rushes to your
                  | aid. [demonic ancestry]
  4377 | D:4      | Reached XP level 5. HP: 34/39 MP: 2/9
  4392 | D:3      | Reached skill level 4 in Air Magic
  4424 | D:3      | Killed a lemure
  4769 | D:4      | Noticed Pikel
  4772 | D:4      | Noticed a lemure
  4783 | D:4      | Noticed a lemure
  4786 | D:4      | Noticed a lemure
  4796 | D:4      | Slain by Pikel

Illustrated notes

Levels and vault maps discovered:
D:1:      saegor_arrival_miasma, layout_basic, serial_shops, shop,
          nicolae_shop_trees, shop, shop, nicolae_shop_behind_doors,
          amcnicky_mini_pool_small, minmay_tromino_v4_c
D:2:      layout_loops_ring, serial_shops, shop, serial_forest,
          infiniplex_forest_clump_double, infiniplex_forest_lined_room_2,
          infiniplex_forest_clump_double, infiniplex_forest_straight_1,
          infiniplex_forest_diagonal, infiniplex_forest_3_way,
          infiniplex_forest_clump_small, infiniplex_forest_clump_small,
          shapermc_ecumenical_altar_hornbeckon
D:3:      layout_rooms, amcnicky_altar_gilded, serial_undead, serial_undead_f,
          serial_undead_e, serial_undead_c, serial_undead_e
D:4:      layout_loops_cross, okawaru_gym_becter, serial_shops, shop_fountains,
          minmay_misc_feat_chi, uniq_pikel, uniq_grinder

Skill      XL: |  1  2  3  4  5 |
---------------+----------------+-----
Fighting       | 1 2 |  2.5
Air Magic      | 3 4 |  4.0
Spellcasting   | 3 |  3.2
Dodging        | |  1.7
Stealth        | |  1.7
Conjurations   | |  1.0

Action                   |  1- 3 |  4- 6 || total
-------------------------+-------+-------++-------
Melee: Unarmed           |     3 |       ||     3
       Hand axe          |    58 |    57 ||   115
 Cast: Shock             |    81 |    44 ||   125
       Static Discharge  |     4 |     3 ||     7
       Airstrike         |       |     2 ||     2
  Use: Scroll            |       |     2 ||     2
       Potion            |       |     1 ||     1
 Stab: Sleeping          |     2 |     3 ||     5
Armor: Robe              |    19 |    12 ||    31
Dodge: Dodged            |    61 |    39 ||   100

Table legend: (Time is in decaauts)
 A = Elapsed time spent in this place.
 B = Non-inter-level travel time spent in this place.
 C = Inter-level travel time spent in this place.
 D = Time resting spent in this place.
 E = Time spent auto-exploring this place.
 F = Levels seen in this place.
 G = Mean time per level.
                   A        B        C        D        E       F      G
               +--------+--------+--------+--------+--------+-----+--------+
         Total |   4841 |   4720 |    121 |   1547 |   2460 |   4 | 1210.2 |
       Dungeon |   4841 |   4720 |    121 |   1547 |   2460 |   4 | 1210.2 |
               +--------+--------+--------+--------+--------+-----+--------+

Top non-repeatable levels by time:
     D:1: 1653 daAuts
     D:3: 1604 daAuts
     D:2: 1444 daAuts
     D:4: 138 daAuts
